 Dungeon Crawl Stone Soup version 0.25-a0-109-ge9c0e85 (webtiles) character file.

Game seed: 2615044877514006266, levelgen mode: deterministic

127 HungryMoth the Magician (level 4, -5/35 HPs)
             Began as a Draconian Transmuter on Nov 18, 2019.
             Killed from afar by Sigmund (11 damage)
             ... with a magic dart
             ... on level 3 of the Dungeon.
             The game lasted 00:05:42 (2617 turns).

HungryMoth the Magician (Draconian Transmuter)      Turns: 2617, Time: 00:05:43

Health: -5/35      AC:  6    Str: 12    XL:     4   Next: 85%
Magic:  10/10      EV: 12    Int: 13    God:
Gold:   107        SH:  0    Dex: 13    Spells: 5/11 levels left

rFire    . . .     SeeInvis .     - Unarmed
rCold    . . .     Gourm    .   (no shield)
rNeg     . . .     Faith    .   (armour unavailable)
rPois    .         Spirit   .   k - +0 hat
rElec    .         Reflect  .   (no cloak)
rCorr    .         Harm     .   g - +0 pair of gloves
MR       .....                  (no boots)
Stlth    +.........             (no amulet)
HPRegen  0.11/turn              (no ring)
MPRegen  0.12/turn              (no ring)

@: no status effects
A: unfitting armour, cold-blooded, AC +5
a: no special abilities


You were on level 3 of the Dungeon.
You were not hungry.

You visited 1 branch of the dungeon, and saw 3 of its levels.

You collected 107 gold pieces.

Inventory:

Missiles
 a - 8 arrows
Armour
 g - a +0 pair of gloves (worn)
 k - a +0 hat (worn)
Scrolls
 d - a scroll of remove curse
 i - 2 scrolls of teleportation
Potions
 e - 2 potions of lignification
 f - a potion of haste {unknown}
 h - a potion of mutation
 j - a potion of brilliance {unknown}
Comestibles
 b - a chunk of flesh
 c - 3 rations


   Skills:
 - Level 1.1 Fighting
 - Level 1.7 Dodging
 - Level 3.0 Unarmed Combat
 - Level 4.0 Spellcasting
 + Level 3.4 Transmutations


You had 5 spell levels left.
You knew the following spells:

 Your Spells              Type           Power        Failure   Level  Hunger
a - Beastly Appendage     Tmut           ##....       5%          1    None
b - Sticks to Snakes      Tmut           ##......     8%          2    ##.....
c - Spider Form           Tmut/Pois      #.........   30%         3    ###....

Your spell library contained the following spells:

 Spells                   Type           Power        Failure   Level  Hunger
 Ice Form                 Ice/Tmut       #.......     71%         4    ####...
 Blade Hands              Tmut           ##........   82%         5    ######.


Dungeon Overview and Level Annotations

Branches:
Dungeon (3/15)

Altars:
Gozag
Okawaru
Sif Muna

Annotations:
D:3 Sigmund


Innate Abilities, Weirdness & Mutations

Your plain brown scales are hard. (AC +5)
You cannot fit into any form of body armour.
You are cold-blooded and may be slowed by cold attacks.


Message History

Confirm with . or Enter, or press ? or * to list all spells.
You create a snake!
You now have 8 arrows.
Something hits you.
* * * LOW HITPOINT WARNING * * *
You swap places.
There is an open door here.
A magic dart appears from out of thin air!
The magic dart hits your ball python!
Your ball python dies!
A magic dart appears from out of thin air!
The magic dart hits you.
* * * LOW HITPOINT WARNING * * *
There is an open door here.
You close the door.
Something unseen opens the door.
There is an open door here.
You close the door.
Something unseen opens the door.
A magic dart appears from out of thin air!
The magic dart hits you!
You die...

#.# #.# ##'###
#....# #....#
########
##############....#
#.......
..................#
#.......
.........##########
#.......
.........'..@..#
#.......
.........#####.#
#....... .........#
#.# #.......
.........# #.#
#....... #.########
#.# #....... #
#8_8# #.# #.......
#...# #.# #.######
#...# #.# #.# #<
##.## #.# #.# #.


There were no monsters in sight!

Vanquished Creatures
  A hound (D:3)
  3 gnolls (D:2)
  An adder (D:2)
  3 worms (D:2)
  A leopard gecko (D:3)
  3 bats (D:1)
  A giant cockroach (D:3)
  7 goblins
  A hobgoblin (D:1)
  8 jackals
  6 kobolds
  2 quokkas (D:2)
  3 frilled lizards
  4 rats
44 creatures vanquished.

Vanquished Creatures (collateral kills)
  An adder (D:2)
1 creature vanquished.

Grand Total: 45 creatures vanquished

Notes
Turn   | Place    | Note
-------+----------+-------------------------------------------
     0 | D:1      | HungryMoth the Draconian Transmuter began the quest for the
                  | Orb.
     0 | D:1      | Reached XP level 1. HP: 16/16 MP: 3/3
   486 | D:1      | Reached XP level 2. HP: 16/23 MP: 5/5
   926 | D:1      | Reached skill level 3 in Spellcasting
  1428 | D:2      | Reached XP level 3. HP: 9/28 MP: 8/8
  1639 | D:2      | Learned a level 2 spell: Sticks to Snakes
  1643 | D:2      | Learned a level 3 spell: Spider Form
  1906 | D:2      | Reached skill level 4 in Spellcasting
  1925 | D:2      | Reached XP level 4. HP: 26/35 MP: 8/10
  2097 | D:2      | Found an iron altar of Okawaru.
  2443 | D:3      | Found an opulent altar of Gozag.
  2543 | D:3      | Found a shimmering blue altar of Sif Muna.
  2556 | D:3      | Noticed Sigmund
  2617 | D:3      | Killed from afar by Sigmund

Levels and vault maps discovered:
D:1:      dpeg_arrival_brainrot, layout_basic, st_stairs_5
D:2:      layout_rooms, okawaru_trees_1
D:3:      layout_basic, lemuel_crystal_altar, first_ration,
          grunt_gozag_breadcrumbs, uniq_sigmund

Skill      XL: |  1  2  3  4 |
---------------+-------------+-----
Spellcasting   | 3 4 |  4.0
Transmutations | 3 |  3.4
Fighting       | |  1.1
Dodging        | |  1.7
Unarmed Combat | |  3.0

Action                   |  1- 3 |  4- 6 || total
-------------------------+-------+-------++-------
Melee: Unarmed           |   159 |    29 ||   188
       Tailslap          |    14 |     2 ||    16
       Kick              |     8 |     1 ||     9
       Headbutt          |     4 |     4 ||     8
       Punch             |       |     1 ||     1
 Cast: Beastly Appendage |    12 |     4 ||    16
       Sticks to Snakes  |       |     4 ||     4
  Use: Scroll            |     6 |     1 ||     7
 Stab: Sleeping          |     1 |       ||     1
  Eat: Chunk             |     3 |     3 ||     6
Armor: Skin              |    37 |    13 ||    50
Dodge: Dodged            |    96 |    21 ||   117

Table legend:
 A = Non-vault XP
 B = Vault XP
 C = Vault XP percentage of total XP
 D = Non-vault monster count
 E = Vault monster count
 F = Vault count percentage of total count
                 A         B        C        D         E       F
            +---------+---------+-------+---------+---------+-------
      Total |     179 |       3 |   1.6 |      42 |       3 |   6.7
            +---------+---------+-------+---------+---------+-------
        D:1 |      37 |       3 |   7.5 |      21 |       3 |  12.5
        D:2 |      97 |       0 |   0.0 |      18 |       0 |   0.0
        D:3 |      45 |       0 |   0.0 |       3 |       0 |   0.0
            +---------+---------+-------+---------+---------+-------
